Map: Terraform LE (Void)

Players

RepMeaSt (Semper) - Winner!

  • Race: Terran Terran
  • League: Master

WashedUpNub

  • Race: Protoss Protoss
  • League: Master

Event: Lycan League Weekly August #2

VOD

Have the link to the VOD?

Description

Time

  • Played on: Aug. 10, 2015, 12:50 p.m.
  • Length: 9:59

All games in this series

Show
View Real Time Build Order
Export as new Build Order

RepMeaSt Terran - Winner!

Build Orders: MMM Bio 

Get SALT Encoding   

  12  0:01  SCV  
  13  0:13  SCV  
  14  0:17  Supply Depot  
  14  0:25  SCV  
  15  0:29  Refinery  
  15  0:39  SCV  
  16  0:45  Barracks  
  16  0:51  SCV  
  17  1:03  SCV  
  18  1:15  SCV  
  19  1:32  Reaper, Orbital Command  
  20  1:48  Command Center  
  20  1:57  SCV  
  21  2:03  Factory  
  21  2:06  Barracks Reactor  
  21  2:15  SCV, Supply Depot  
  22  2:23  Refinery  
  22  2:27  SCV  
  23  2:39  SCV  
  23  2:42  Marine  
  23  2:43  Marine  
  26  2:47  Factory Tech Lab  
  26  2:51  SCV  
  27  2:58  Engineering Bay  
  27  2:59  Orbital Command  
  27  3:01  Marine x2  
  29  3:06  SCV  
  29  3:10  Cyclone  
  33  3:19  SCV, Marine x2  
  36  3:24  Bunker  
  37  3:27  SCV  
  36  3:34  SCV  
  36  3:36  Missile Turret  
  36  3:38  Marine x2  
  39  3:45  Cyclone  
  42  3:51  SCV  
  41  4:00  Marine x2  
  43  4:04  SCV  
  43  4:06  SCV  
  43  4:07  Supply Depot x2  
  45  4:11  Supply Depot  
  45  4:28  Cyclone  
  45  4:30  Barracks Tech Lab  
  48  4:32  Barracks  
  48  4:35  SCV  
  49  4:45  Missile Turret  
  46  4:46  SCV, Missile Turret  
  46  4:47  SCV  
  46  4:52  Marine  
  49  4:54  Combat Shields  
  49  4:59  SCV x2  
  51  5:10  Reaper  
  50  5:19  Cyclone, Marine x2  
  55  5:24  SCV  
  55  5:42  Marine  
  48  5:55  Cyclone  
  51  6:02  SCV  
  50  6:07  Marine x3  
  50  6:08  SCV  
  54  6:11  Barracks  
  54  6:12  Starport  
  54  6:14  SCV  
  55  6:28  Marine x2  
  55  6:29  Marine  
  55  6:31  Stimpack  
  57  6:38  SCV  
  45  6:52  SCV  
  44  6:54  Marine x2  
  44  7:01  Cyclone  
  45  7:02  Marine  
  38  7:08  SCV x2  
  38  7:10  Marine  
  38  7:14  Medivac  
  42  7:16  Marine  
  42  7:20  SCV  
  42  7:21  Marine  
  42  7:22  Marine  
  46  7:28  Marine  
  47  7:34  Marine  
  46  7:39  Marine  
  43  7:45  Marine  
  43  7:47  Medivac  
  46  7:55  Marine x2  
  46  7:57  Cyclone, Marine  
  44  8:04  Marine  
  41  8:07  Orbital Command  
  41  8:08  SCV  
  43  8:13  Marine x2  
  43  8:15  Marine  
  45  8:21  Marine  
  45  8:22  Viking  
  48  8:31  Marine x2  
  50  8:45  Marine x2  
  50  8:46  Cyclone  
  55  8:56  Marine  
  56  9:03  Armory  
  56  9:06  Marine  
  56  9:07  Marine  
  56  9:21  Marine  
  56  9:22  Marine  
Show
View Real Time Build Order
Export as new Build Order

WashedUpNub Protoss 

Build Orders: Mass Adepts 

Get SALT Encoding   

  12  0:00  Probe  
  13  0:12  Pylon  
  13  0:17  Probe  
  14  0:24  Assimilator  
  14  0:30  Probe  
  15  0:39  Gateway  
  15  0:43  Probe (Chrono Boost)  
  16  0:53  Probe (Chrono Boost)  
  17  1:00  Probe (Chrono Boost)  
  19  1:12  Probe (Chrono Boost)  
  20  1:18  Probe (Chrono Boost)  
  20  1:27  Cybernetics Core  
  20  1:29  Probe  
  20  1:30  Pylon  
  21  1:41  Probe  
  22  1:49  Pylon  
  22  1:50  Assimilator  
  22  1:53  Probe  
  23  2:03  Adept, Warp Gate (Chrono Boost)  
  23  2:05  Probe  
  26  2:11  Stargate  
  26  2:18  Probe  
  27  2:31  Gateway  
  27  2:32  Gateway  
  27  2:41  Gateway  
  27  2:44  Adept  
  29  2:59  Void Ray  
  33  3:08  Probe  
  34  3:20  Pylon  
  34  3:41  Adept x4  
  41  3:54  Void Ray (Chrono Boost)  
  43  4:06  Pylon  
  43  4:09  Adept  
  45  4:21  Pylon  
  45  4:25  Adept  
  45  4:27  Adept  
  45  4:28  Adept  
  45  4:30  Adept  
  51  4:43  Void Ray (Chrono Boost)  
  55  4:48  Adept  
  57  4:59  Pylon  
  57  5:01  Adept  
  59  5:13  Adept  
  57  5:25  Adept x2  
  57  5:26  Adept  
  45  5:53  Adept x4  
  51  6:02  Void Ray (Chrono Boost)  
  47  6:17  Adept x3  
  49  6:34  Adept  
  45  6:40  Adept x3  
  37  7:02  Adept x3  
  37  7:04  Adept  
  41  7:22  Adept x2  
  43  7:23  Adept  
  45  7:47  Adept x3  
  47  7:54  Adept  
  41  8:08  Void Ray (Chrono Boost)  
  45  8:14  Sentry  
  45  8:18  Sentry  
  49  8:26  Adept  
  51  8:55  Adept x3  
  55  9:10  Adept  
  57  9:22  Adept x2  
  61  9:32  Adept  

Tags
 
Add a new tag
Caveats
  • Supply blocks, unpowered buildings, or Contaminate may cause inaccurate times.
  • Supply counts are checked every 10 seconds.